[Event "Titled Tuesday Blitz November 01 Late 2022"]
[White "Bortnyk, Olexandr"]
[Black "Firouzja, Alireza"]
[WhiteFideId "14120828"]
[BlackFideId "12573981"]
[WhiteElo "3038"]
[BlackElo "3118"]
[Result "1/2-1/2"]
[Round "09"]
[TimeControl "180+1"]
[Date "2022.11.01"]
[WhiteClock "0:00:14"]
[BlackClock "0:00:04"]

1. e4 c5 2. c3 Nf6 3. e5 Nd5 4. d4 cxd4 5. Nf3 d6 6. cxd4 Nc6 7. Bc4 Nb6 8. Bb5 Bd7 9. Nc3 dxe5 10. dxe5 g6 11. O-O Bg7 12. Bf4 O-O 13. h3 a6 14. Bd3 Qc7 15. Re1 Rad8 16. Qe2 Be6 17. Rac1 Qb8 18. Qe3 Nd5 19. Nxd5 Bxd5 20. e6 Qc8 21. exf7+ Bxf7 22. Bc4 Qf5 23. Bh6 Bxb2 24. Rb1 Bxc4 25. Bxf8 Rd3 26. Qe4 Qxe4 27. Rxe4 Bd5 28. Re3 Rxe3 29. fxe3 Bf6 30. Bh6 b5 31. a3 Na5 32. Nd2 Nc4 33. Nxc4 bxc4 34. Rb8+ Kf7 35. Rc8 g5 36. h4 gxh4 37. e4 Be6 38. Rc6 c3 39. Be3 a5 40. Rc5 a4 41. e5 Bg7 42. Bd4 Kg6 43. Bxc3 Bh6 44. Rc7 Bg5 45. Bb4 Kf5 46. Bxe7 Be3+ 47. Kh1 h3 48. gxh3 Kxe5 49. Bh4 Ke4 50. Rxh7 Bxh3 51. Bg3 Be6 52. Kh2 Bb3 53. Rh4+ Kd3 54. Bd6 Bc1 55. Kg3 Kc2 56. Kf3 Kb2 57. Rh2+ Kc3 58. Ke4 Kc4 59. Bb4 Bg5 60. Rh5 Bc2+ 61. Ke5 Be3 62. Rh2 Bd4+ 63. Kd6 Kb3 64. Kd5 Bb2 65. Rh3+ Ka2 66. Kc4 Bb3+ 67. Kb5 Bxa3 68. Rh2+ Bb2 69. Bc3 a3 70. Kb4 Bd5 71. Bxb2 axb2 72. Kc3 Ka1 73. Rxb2 Ba2 74. Rb4 Bb1 75. Kb3 Ba2+ 76. Ka3 Bb1 77. Rd4 Bh7 78. Rd1+ Bb1 79. Rd2 Bf5 80. Kb3 Bg6 81. Kc3 Bf5 82. Rd1+ Ka2 83. Rd6 Ka1 84. Ra6+ Kb1 85. Ra5 Bg6 86. Rg5 Bh7 87. Rg2 Ka1 88. Kb3 Bb1 89. Rg5 Be4 90. Re5 Bh7 91. Re7 Bg6 92. Ra7+ Kb1 93. Rg7 Bc2+ 94. Kc3 Bf5 95. Rg5 Bh7 96. Rh5 Bg6 97. Rh6 Bf5 98. Rh1+ Ka2 99. Rf1 Bh7 100. Rf7 Bg6 101. Rf6 Bh7 102. Rb6 Ka1 103. Kb3 Bg8+ 104. Ka3 Bh7 105. Rb7 Bb1 106. Rg7 Bd3 107. Kb4 Kb2 108. Rg2+ Ka1 109. Kc3 Bh7 110. Kb3 Bb1 111. Rg7 Bf5 112. Re7 Bg6 113. Rd7 Bf5 114. Rd6 Be4 115. Ra6+ Kb1 116. Rd6 Ka1 117. Rd4 Bg6 118. Ra4+ Kb1 119. Rg4 Bf7+ 120. Kc3 Ka1 121. Ra4+ Kb1 122. Ra6 Bg8 123. Rb6+ 1/2-1/2


[Site "https://www.chess.com"]

[Event "Titled Tuesday Blitz November 01 Late 2022"]
[White "Broca Jimenez, Fernando"]
[Black "Bazzano, Sebastian"]
[WhiteFideId "5104742"]
[BlackFideId "104566"]
[WhiteElo "2062"]
[BlackElo "2204"]
[Result "0-1"]
[Round "09"]
[TimeControl "180+1"]
[Date "2022.11.02"]
[WhiteClock "0:00:38"]
[BlackClock "0:00:18"]

1. e4 e6 2. d4 d5 3. exd5 exd5 4. Bd3 Nf6 5. Nf3 Be7 6. O-O O-O 7. Bg5 c6 8. Nbd2 Nbd7 9. c3 Re8 10. Re1 Nf8 11. Qc2 h6 12. Bh4 Be6 13. Re2 Qc7 14. Rae1 Rad8 15. Bg3 Bd6 16. Ne5 Re7 17. b4 Rde8 18. a3 a6 19. Bf5 Bxf5 20. Qxf5 Re6 21. Kf1 a5 22. Ndf3 Ne4 23. Re3 Qe7 24. R1e2 f6 25. Ng6 Nxg6 26. Qxg6 axb4 27. axb4 b5 28. Bxd6 Qxd6 29. g3 Nxc3 30. Qxe8+ Rxe8 31. Rxe8+ Kh7 32. R2e7 Qxb4 33. Nh4 Qxd4 34. Rxg7+ Kxg7 35. Nf5+ Kf7 36. Re7+ Kf8 37. Nxd4 Kxe7 38. Nxc6+ Kd6 39. Nb4 Kc5 40. Nd3+ Kd4 41. Nb2 Na4 42. Nd1 b4 43. Ke2 Nc3+ 44. Kd2 Nxd1 45. Kxd1 Kc3 46. f4 b3 47. Kc1 b2+ 48. Kb1 d4 49. f5 d3 50. Ka2 d2 51. Kb1 d1=Q+ 52. Ka2 Qa1# 0-1


[Site "https://www.chess.com"]

[Event "Titled Tuesday Blitz November 01 Late 2022"]
[White "Buchenau, Frank"]
[Black "Castellanos Gomez, Alejandro"]
[WhiteFideId "4604350"]
[BlackFideId "22284141"]
[WhiteElo "2157"]
[BlackElo "2168"]
[Result "0-1"]
[Round "09"]
[TimeControl "180+1"]
[Date "2022.11.02"]
[WhiteClock "0:01:08"]
[BlackClock "0:00:01"]

1. e4 d5 2. exd5 c6 3. dxc6 e5 4. d4 exd4 5. cxb7 Bxb7 6. Nf3 Nc6 7. c3 dxc3 8. Qxd8+ Rxd8 9. Nxc3 Nb4 10. Bb5+ Ke7 11. O-O Bxf3 12. gxf3 Nc2 13. Rb1 g6 14. Bg5+ f6 15. Rfe1+ Nxe1 16. Rxe1+ Kf7 17. Bc4+ Kg7 18. Be3 Rd7 19. Ne4 Nh6 20. Nc5 Bxc5 21. Bxc5 Rc8 22. b4 Rd2 23. Re7+ Kh8 24. Rxa7 Nf5 25. Kf1 Re8 26. Bf7 Rd1+ 27. Kg2 Red8 28. b5 Rc8 29. Bb4 Nh4+ 30. Kg3 Nf5+ 31. Kf4 Rd4# 0-1


[Site "https://www.chess.com"]

[Event "Titled Tuesday Blitz November 01 Late 2022"]
[White "Castella Garcia, Fausto"]
[Black "Kirillov, Dmitry"]
[WhiteFideId "3501922"]
[BlackFideId "34180572"]
[WhiteElo "2246"]
[BlackElo "2095"]
[Result "1-0"]
[Round "09"]
[TimeControl "180+1"]
[Date "2022.11.02"]
[WhiteClock "0:00:11"]
[BlackClock "0:00:02"]

1. e4 c6 2. Nc3 d5 3. Nf3 dxe4 4. Nxe4 Nf6 5. Qe2 Nxe4 6. Qxe4 Nd7 7. Bc4 Nf6 8. Ne5 e6 9. Qe2 Be7 10. b3 O-O 11. Bb2 Qc7 12. O-O b5 13. Bd3 Bb7 14. f4 a6 15. Rf3 g6 16. Rh3 c5 17. Rf1 Rad8 18. Ng4 Nxg4 19. Qxg4 f5 20. Qe2 Qb6 21. c4 bxc4 22. Bxc4 Bd5 23. Re3 Bxc4 24. Qxc4 Rd6 25. Rfe1 Rf7 26. Rxe6 Rxe6 27. Rxe6 Qc7 28. Be5 Qd7 29. Rxa6 Qxd2 30. Ra8+ Bf8 31. h3 Qd1+ 32. Kh2 Qd7 33. a4 Qb7 34. Rb8 Qd7 35. a5 Qc6 36. a6 h5 37. a7 Qe4 38. Qxe4 fxe4 39. a8=Q 1-0


[Site "https://www.chess.com"]

[Event "Titled Tuesday Blitz November 01 Late 2022"]
[White "ChessBrah"]
[Black "Plat, Vojtech"]
[BlackFideId "325740"]
[WhiteElo "2895"]
[BlackElo "2514"]
[Result "0-1"]
[Round "09"]
[TimeControl "180+1"]
[Date "2022.11.01"]
[WhiteClock "0:00:03"]
[BlackClock "0:00:41"]

1. c4 d6 2. Nf3 e5 3. Nc3 Nd7 4. d4 Ngf6 5. e4 Be7 6. Be2 O-O 7. O-O c6 8. Re1 a5 9. Bf1 Re8 10. h3 exd4 11. Nxd4 Nc5 12. Bf4 Bf8 13. Qc2 Nfd7 14. Rad1 Qf6 15. Bg3 Ne5 16. Kh1 Qg6 17. b3 Bd7 18. Kh2 Qh6 19. Nf5 Bxf5 20. exf5 Rad8 21. Kg1 Qg5 22. a3 h5 23. b4 axb4 24. axb4 Ncd7 25. Ne4 Qxf5 26. Bh4 Qg6 27. Kh1 Nf6 28. Bxf6 gxf6 29. f4 f5 30. Ng5 f6 31. fxe5 fxg5 32. Bd3 Rxe5 33. Bxf5 Qxf5 34. Qb3 Rxe1+ 35. Rxe1 d5 36. b5 dxc4 37. Qxc4+ Qd5 38. Qc2 cxb5 39. Qg6+ Bg7 40. Qxh5 b4 41. h4 b3 0-1


[Site "https://www.chess.com"]

[Event "Titled Tuesday Blitz November 01 Late 2022"]
[White "Clawitter, Craig"]
[Black "Ismayil, Malak"]
[WhiteFideId "2023105"]
[BlackFideId "13412604"]
[WhiteElo "2314"]
[BlackElo "1879"]
[Result "0-1"]
[Round "09"]
[TimeControl "180+1"]
[Date "2022.11.02"]
[WhiteClock "0:00:01"]
[BlackClock "0:00:10"]

1. e4 e5 2. Nf3 Nc6 3. Bb5 a6 4. Ba4 Nf6 5. O-O b5 6. Bb3 Be7 7. d3 O-O 8. Nc3 d6 9. a4 b4 10. Nd5 Bg4 11. Be3 Qd7 12. a5 Nxd5 13. Bxd5 Rab8 14. h3 Be6 15. c4 bxc3 16. bxc3 Bxd5 17. exd5 Nd8 18. Nd2 c6 19. dxc6 Nxc6 20. Nc4 d5 21. Nb6 Qe6 22. f4 f6 23. Qf3 e4 24. dxe4 dxe4 25. f5 exf3 26. fxe6 fxg2 27. Kxg2 Rfe8 28. Rfe1 Bd6 29. Rad1 Be5 30. Bd4 Rxe6 31. Nd7 Rbe8 32. Bxe5 Nxe5 33. Nxe5 Rxe5 34. Rxe5 Rxe5 35. Rd8+ Kf7 36. Rd7+ Kg6 37. Rd4 Rxa5 38. Rg4+ Kf7 39. Rb4 Ra2+ 40. Kg3 Ra3 41. Rb7+ Kg6 42. Rc7 a5 43. Kf4 Ra4+ 44. Ke3 Rh4 45. c4 Rxh3+ 46. Kd4 a4 47. c5 Rh1 48. c6 Rc1 49. Kd5 a3 50. Ra7 Rc3 51. Kd6 a2 52. Rxa2 h5 53. c7 h4 54. Ra3 Rxa3 55. c8=Q Rd3+ 56. Ke7 Re3+ 0-1


[Site "https://www.chess.com"]

[Event "Titled Tuesday Blitz November 01 Late 2022"]
[White "Curtis, John"]
[Black "Soucek, Petr"]
[WhiteFideId "3200256"]
[BlackFideId "23715170"]
[WhiteElo "2203"]
[BlackElo "2150"]
[Result "1-0"]
[Round "09"]
[TimeControl "180+1"]
[Date "2022.11.02"]
[WhiteClock "0:00:17"]
[BlackClock "0:00:13"]

1. e4 e5 2. f4 exf4 3. Nf3 d6 4. d4 g5 5. h4 g4 6. Ng1 Nf6 7. Nc3 Nh5 8. Nge2 Qf6 9. Nd5 Qd8 10. Ndxf4 Nxf4 11. Bxf4 Nc6 12. c3 Bd7 13. Bg5 Be7 14. Bxe7 Qxe7 15. Ng3 O-O-O 16. Bd3 f5 17. Qe2 f4 18. Nf1 Rde8 19. O-O-O Rhf8 20. Nd2 h5 21. Kb1 d5 22. e5 Qf7 23. Rdf1 Bf5 24. Ka1 Qh7 25. Bxf5+ Rxf5 26. Nb3 Nxe5 27. dxe5 Rfxe5 28. Qd2 f3 29. gxf3 g3 30. Rhg1 Re2 31. Qxd5 Qc2 32. Rb1 g2 33. Nc5 1-0


[Site "https://www.chess.com"]

[Event "Titled Tuesday Blitz November 01 Late 2022"]
[White "D`Arruda, Ricardo D."]
[Black "Luxama, Jacques Muller"]
[WhiteFideId "100692"]
[BlackFideId "11900113"]
[WhiteElo "2471"]
[BlackElo "1931"]
[Result "1-0"]
[Round "09"]
[TimeControl "180+1"]
[Date "2022.11.02"]
[WhiteClock "0:00:16"]
[BlackClock "0:00:08"]

1. d4 Nf6 2. Nf3 g6 3. Nc3 Bg7 4. e4 d6 5. Bg5 Bg4 6. Qd2 Bxf3 7. gxf3 Nbd7 8. O-O-O c6 9. f4 h6 10. Bh4 Qa5 11. Bd3 g5 12. fxg5 hxg5 13. Bxg5 Qxg5 14. Qxg5 Bh6 15. h4 O-O-O 16. f4 Bxg5 17. hxg5 Ng4 18. Be2 Nf2 19. Rxh8 Rxh8 20. Rf1 Nh1 21. Bf3 Ng3 22. Rg1 Nxe4 23. Bxe4 Rh4 24. Ne2 e5 25. dxe5 dxe5 26. Bf5 Kc7 27. Rd1 Nc5 28. fxe5 Rh5 29. Rg1 Rh2 30. Nd4 Rh4 31. c3 Rh2 32. Bc2 Nd7 33. Re1 Rg2 34. e6 fxe6 35. Nxe6+ Kd6 36. g6 Ne5 37. Nd4 Nxg6 38. Bxg6 Rxg6 39. Nf5+ Kc5 40. Re7 Rf6 41. Nd4 Kb6 42. Kc2 Rf2+ 43. Kb3 a5 44. a4 Ka6 45. Ne6 Kb6 46. Nd8 Ka6 47. Rxb7 Rd2 48. Rb8 Ka7 49. Nxc6+ Ka6 50. Rd8 Re2 51. c4 Kb6 52. Nd4 Re3+ 53. Kc2 Rg3 54. Rd5 Rg2+ 55. Kc3 Rg3+ 56. Kd2 Rg2+ 57. Ne2 Rh2 58. Rb5+ Ka6 59. c5 Ka7 60. Kd3 Ka6 61. Nd4 Rh3+ 62. Kc4 Rb3 63. Rxb3 Ka7 64. c6 Ka6 65. c7 Ka7 66. Nc6+ Ka6 67. c8=Q# 1-0


[Site "https://www.chess.com"]

[Event "Titled Tuesday Blitz November 01 Late 2022"]
[White "Dahlgren, James Allen"]
[Black "Winkels, Marcel"]
[WhiteFideId "22256873"]
[BlackFideId "1003887"]
[WhiteElo "2199"]
[BlackElo "1900"]
[Result "0-1"]
[Round "09"]
[TimeControl "180+1"]
[Date "2022.11.02"]
[WhiteClock "0:00:04"]
[BlackClock "0:00:55"]

1. e4 c5 2. c4 e6 3. Nc3 Nc6 4. g3 Nf6 5. Bg2 Be7 6. Nge2 O-O 7. O-O a6 8. f4 d6 9. h3 Nd4 10. Nxd4 cxd4 11. Ne2 e5 12. f5 b5 13. d3 bxc4 14. dxc4 Qb6 15. Kh2 Bb7 16. Qd3 Rac8 17. b3 a5 18. a4 Ba6 19. g4 Rb8 20. Rb1 Nd7 21. Ba3 Nc5 22. Bxc5 Qxc5 23. Qd2 Rb4 24. Nc1 Bxc4 25. Nd3 Bxd3 26. Qxd3 Rfb8 27. Rfc1 Qb6 28. Kg3 Rxb3 29. Rxb3 Qxb3 30. Rc8+ Bf8 31. Qxb3 Rxb3+ 32. Kf2 Rb4 33. Bf1 Rxa4 34. Bb5 Ra2+ 35. Ke1 d3 36. g5 Rg2 37. h4 Rg4 38. Bxd3 Rxh4 0-1


[Site "https://www.chess.com"]

[Event "Titled Tuesday Blitz November 01 Late 2022"]
[White "Dehtiarov, Roman"]
[Black "Galchenko, Matvey"]
[WhiteFideId "14186640"]
[BlackFideId "24175480"]
[WhiteElo "2200"]
[BlackElo "2423"]
[Result "0-1"]
[Round "09"]
[TimeControl "180+1"]
[Date "2022.11.01"]
[WhiteClock "0:00:01"]
[BlackClock "0:00:07"]

1. e4 e6 2. d3 d5 3. Nd2 Nf6 4. g3 c5 5. Bg2 Nc6 6. Ne2 g6 7. O-O Bg7 8. f4 O-O 9. e5 Nd7 10. Nf3 f6 11. exf6 Qxf6 12. c3 b6 13. d4 Ba6 14. Be3 Qe7 15. Re1 Nf6 16. Qa4 Bb7 17. h3 Ne4 18. Ne5 cxd4 19. Nxc6 Bxc6 20. Qxc6 dxe3 21. Bxe4 Rac8 22. Qb5 dxe4 23. Qa4 Qb7 24. Nd4 Qd5 25. Rxe3 Rc4 26. Qb3 Rxd4 27. cxd4 Bxd4 28. Kg2 Bxe3 29. Qxe3 e5 30. Re1 exf4 31. gxf4 Qxa2 32. Re2 Re8 33. f5 Qd5 34. fxg6 hxg6 35. Rd2 Qe5 36. Qb3+ Qe6 37. Qe3 Rf8 38. Re2 Rf3 39. Qh6 Rf8 40. Qe3 Rf3 41. Qh6 Qd6 42. Qg5 Rf5 43. Qg4 Re5 44. Qg3 e3 45. Qf3 Qe6 46. Qg3 Qf6 47. Qf3 Rg5+ 0-1


[Site "https://www.chess.com"]

[Event "Titled Tuesday Blitz November 01 Late 2022"]
[White "Dimitrov, Atanas"]
[Black "Gunduz, Umut Erdem"]
[WhiteFideId "2901315"]
[BlackFideId "6381383"]
[WhiteElo "2746"]
[BlackElo "2182"]
[Result "0-1"]
[Round "09"]
[TimeControl "180+1"]
[Date "2022.11.02"]
[WhiteClock "0:00:10"]
[BlackClock "0:00:07"]

1. e4 e5 2. Nc3 Nf6 3. f4 d5 4. fxe5 Nxe4 5. Qf3 Nc6 6. Bb5 Nxc3 7. dxc3 Bc5 8. Ne2 O-O 9. Bxc6 bxc6 10. Be3 Qe7 11. O-O-O Bxe3+ 12. Qxe3 Re8 13. Nd4 Bd7 14. Rhe1 Rab8 15. h3 a5 16. g4 Qc5 17. Nb3 Qb6 18. Qxb6 cxb6 19. Nd4 g6 20. Rd2 Re7 21. Rde2 Rbe8 22. Kd2 c5 23. Nf3 Kg7 24. Re3 h6 25. a3 Rh8 26. Rh1 h5 27. g5 Bf5 28. h4 Rhe8 29. Rhe1 Be4 30. Ke2 Bxc2 31. Kf2 Bf5 32. Rd1 Rd7 33. b4 axb4 34. axb4 Ra8 35. Rd2 Ra1 36. Kg2 Ra3 37. Kf2 Be6 38. Rb2 Kf8 39. Ke2 Ke7 40. bxc5 bxc5 41. Rb5 d4 42. cxd4 Bc4+ 43. Kf2 Rxe3 44. Rxc5 Rc3 45. Nd2 Rc2 46. Ke3 Rxd2 47. Kxd2 Bd5 48. Ke3 Ke6 49. Rb5 Kf5 50. Rb6 Kg4 51. Rd6 Rxd6 52. exd6 Bc6 53. d5 Bd7 54. Ke4 Kxh4 55. Kf4 Kh3 56. Ke5 h4 57. Kf6 Kg4 58. Ke7 Bf5 59. d7 Bxd7 60. Kxd7 h3 61. Ke7 h2 62. d6 h1=Q 63. d7 Qd5 0-1


[Site "https://www.chess.com"]

[Event "Titled Tuesday Blitz November 01 Late 2022"]
[White "Djordjevic, Vuk"]
[Black "Gubajdullin, Alexei"]
[WhiteFideId "902098"]
[BlackFideId "4141202"]
[WhiteElo "2456"]
[BlackElo "2200"]
[Result "1-0"]
[Round "09"]
[TimeControl "180+1"]
[Date "2022.11.01"]
[WhiteClock "0:00:12"]
[BlackClock "0:00:02"]

1. d4 Nf6 2. Bg5 Ne4 3. Bf4 d5 4. f3 Nf6 5. Nc3 Nc6 6. Qd2 g6 7. g4 Bg7 8. h4 h5 9. g5 Nd7 10. Nxd5 e5 11. dxe5 Ncxe5 12. e4 c6 13. Ne3 O-O 14. O-O-O Qb6 15. c3 Nc5 16. Bxe5 Bxe5 17. Nc4 Qc7 18. Nxe5 Qxe5 19. Qd6 Qxd6 20. Rxd6 Be6 21. b3 a5 22. Kc2 a4 23. b4 Bxa2 24. bxc5 a3 25. Rd1 Rfd8 26. Bd3 Ra5 27. Ra1 Bb3+ 28. Kxb3 Rxd3 29. Ne2 Rb5+ 30. Kc4 Rxf3 31. Rxa3 Re3 32. Ra2 b6 33. cxb6 Rxe4+ 34. Nd4 Rxb6 35. Kc5 Rb8 36. Re2 Rg4 37. c4 Kg7 38. Re7 Kg8 39. Rf1 Rf8 40. Rh1 Rc8 41. Rd7 Re8 42. Nxc6 Ree4 43. Rd4 Kg7 44. Rxe4 Rxe4 45. Kd5 Rf4 46. c5 Kf8 47. Nd4 Ke8 48. c6 Kd8 49. Ke5 Rg4 50. Nb5 1-0


[Site "https://www.chess.com"]

[Event "Titled Tuesday Blitz November 01 Late 2022"]
[White "Do Nascimento,Christian Almeida"]
[Black "Sabar, Ethmane Daouda"]
[WhiteFideId "2143801"]
[BlackFideId "19600097"]
[WhiteElo "2079"]
[BlackElo "1950"]
[Result "1-0"]
[Round "09"]
[TimeControl "180+1"]
[Date "2022.11.02"]
[WhiteClock "0:00:47"]
[BlackClock "0:00:07"]

1. d4 d5 2. Bf4 c6 3. e3 Qb6 4. Qc1 Bf5 5. Nf3 Nd7 6. Be2 h6 7. h3 e6 8. O-O Ngf6 9. c4 Be7 10. Nbd2 O-O 11. c5 Qd8 12. b4 a6 13. Ne5 Nxe5 14. Bxe5 Nd7 15. Bh2 Bf6 16. Nf3 Re8 17. Qc3 Be4 18. a4 Bxf3 19. Bxf3 e5 20. Rfe1 Qe7 21. Rab1 g6 22. Bg3 h5 23. b5 axb5 24. axb5 Qe6 25. bxc6 bxc6 26. Red1 Ra4 27. Qc2 Rc4 28. Qa2 exd4 29. exd4 Rxd4 30. Re1 Qxe1+ 31. Rxe1 Rxe1+ 32. Kh2 Nxc5 33. Qa8+ Kg7 34. Bd6 Ne4 35. Qf8+ Kh7 36. Qxf7+ Kh6 37. Bxe4 Rdxe4 38. Qxf6 1-0


[Site "https://www.chess.com"]

[Event "Titled Tuesday Blitz November 01 Late 2022"]
[White "Dzierzak, Radoslaw"]
[Black "Silva, Caio Henrique Angelico"]
[WhiteFideId "1161407"]
[BlackFideId "22777210"]
[WhiteElo "2111"]
[BlackElo "1990"]
[Result "1-0"]
[Round "09"]
[TimeControl "180+1"]
[Date "2022.11.02"]
[WhiteClock "0:00:56"]
[BlackClock "0:01:38"]

1. e4 c6 2. Nf3 d5 3. Nc3 Bg4 4. d4 Nf6 5. h3 Bxf3 6. Qxf3 dxe4 7. Qe3 Nbd7 8. Nxe4 Nxe4 9. Qxe4 Nf6 10. Qh4 e6 11. c3 Be7 12. Bd3 O-O 13. g4 h6 14. g5 Nd5 15. Rg1 c5 16. Qh5 f5 17. gxh6 Bf6 18. hxg7 Rf7 19. Qh8# 1-0


[Site "https://www.chess.com"]

[Event "Titled Tuesday Blitz November 01 Late 2022"]
[White "Ezat, Mohamed"]
[Black "Szpar, Milosz"]
[WhiteFideId "10600906"]
[BlackFideId "1184989"]
[WhiteElo "2386"]
[BlackElo "2422"]
[Result "0-1"]
[Round "09"]
[TimeControl "180+1"]
[Date "2022.11.02"]
[WhiteClock "0:01:14"]
[BlackClock "0:01:07"]

1. d4 Nf6 2. c4 c5 3. d5 e6 4. Nc3 exd5 5. cxd5 d6 6. e4 g6 7. f4 Bg7 8. Bb5+ Nfd7 9. Be2 Qh4+ 10. g3 Qd8 11. Nf3 O-O 12. O-O Na6 13. Kg2 Nc7 14. h3 Rb8 15. a4 Re8 16. Nd2 f5 17. exf5 gxf5 18. Bd3 Nf6 19. Nf3 b6 20. Qc2 Bb7 21. Rd1 Kh8 22. Ng5 Re7 23. Kh2 Ncxd5 24. Nxd5 Nxd5 25. Bc4 Nf6 26. Qxf5 d5 27. a5 Qe8 28. axb6 dxc4 29. g4 Re2+ 30. Kg3 Rg2+ 31. Kh4 axb6 32. Ra7 h6 33. Ne6 Qe7 34. Bd2 Nxg4+ 35. Kh5 Nf6+ 36. Kh4 Nh7+ 37. Kh5 Bf3+ 0-1


[Site "https://www.chess.com"]

[Event "Titled Tuesday Blitz November 01 Late 2022"]
[White "Fishchuk, Vladyslav"]
[Black "Danielyan, Vahe"]
[WhiteFideId "34122117"]
[BlackFideId "13304828"]
[WhiteElo "2054"]
[BlackElo "2421"]
[Result "1-0"]
[Round "09"]
[TimeControl "180+1"]
[Date "2022.11.02"]
[WhiteClock "0:00:12"]
[BlackClock "0:01:58"]

1. Nf3 b6 2. Nc3 Bb7 3. e4 e6 4. a3 c5 5. d4 cxd4 6. Nxd4 Nf6 7. Bd3 Bc5 8. Be3 O-O 9. e5 Nd5 10. Nxd5 Bxd5 11. Qh5 g6 12. Qh6 Bxd4 13. Bxd4 Nc6 14. c3 Nxd4 15. cxd4 d6 16. h4 dxe5 17. h5 Qc7 18. Rc1 Qe7 19. hxg6 f5 20. Qxh7+ Qxh7 21. Rxh7 Rfc8 22. Rxc8+ Rxc8 23. dxe5 a5 24. Kd2 a4 25. Ke3 Bxg2 26. Kf4 Rd8 27. Bb5 Rd5 28. Be8 Rd3 29. Kg5 Kf8 30. Kf6 Rh3 31. g7+ Kg8 32. Rxh3 Bxh3 33. Bf7+ 1-0


[Site "https://www.chess.com"]

[Event "Titled Tuesday Blitz November 01 Late 2022"]
[White "Floresvillar Gonzalez, Luis Migu"]
[Black "Kobla, Vishal"]
[WhiteFideId "5100542"]
[BlackFideId "2078457"]
[WhiteElo "2040"]
[BlackElo "1972"]
[Result "1/2-1/2"]
[Round "09"]
[TimeControl "180+1"]
[Date "2022.11.02"]
[WhiteClock "0:00:29"]
[BlackClock "0:00:57"]

1. c4 e6 2. Nc3 c5 3. g3 Nc6 4. Bg2 g6 5. d3 a6 6. h4 h5 7. Bg5 Qb6 8. Qb3 Qxb3 9. axb3 Bg7 10. Nf3 Nge7 11. O-O O-O 12. Na4 d6 13. Nb6 Rb8 14. Nd2 Bxb2 15. Ra2 Be5 16. Ne4 f5 17. Nd2 Kf7 18. Nf3 Bf6 19. Bh6 Rd8 20. Bf4 e5 21. Ng5+ Kg7 22. Nxc8 Rdxc8 23. Bd2 Nd4 24. Ra3 Nxe2+ 25. Kh2 Nd4 26. Be3 Nec6 27. Bxd4 Nxd4 28. Bd5 Bxg5 29. hxg5 Nc2 30. Ra2 Nb4 31. Rd2 Nxd5 32. cxd5 b5 33. Ra1 Rb6 34. Ra5 c4 35. dxc4 bxc4 36. bxc4 Rxc4 37. Rda2 Rd4 38. Rxa6 Rxa6 39. Rxa6 Rxd5 40. Ra7+ Kf8 41. Rd7 Rd2 42. Kg2 e4 43. Kf1 d5 44. Ke1 Rd3 45. Ke2 d4 46. Rd6 Kf7 47. Rd7+ Ke8 48. Rd6 Kf7 49. Rd7+ Kf8 50. Rd6 Kg7 51. Rd7+ Kg8 52. Rd6 Kh7 53. Rd7+ Kh8 54. Rd6 Kg7 55. Rd7+ Kf8 1/2-1/2


[Site "https://www.chess.com"]

[Event "Titled Tuesday Blitz November 01 Late 2022"]
[White "Gasparyan, David"]
[Black "Aguilar, Juan"]
[WhiteFideId "13311980"]
[BlackFideId "3800091"]
[WhiteElo "2353"]
[BlackElo "2421"]
[Result "1-0"]
[Round "09"]
[TimeControl "180+1"]
[Date "2022.11.02"]
[WhiteClock "0:00:14"]
[BlackClock "0:00:02"]

1. Nf3 d5 2. e3 Nf6 3. a3 g6 4. b4 Bg7 5. Bb2 O-O 6. d3 b6 7. Nbd2 c5 8. Be2 Bb7 9. O-O Nbd7 10. c4 dxc4 11. Nxc4 Qc7 12. Rc1 Rac8 13. b5 Rfd8 14. Qc2 Nf8 15. Nfe5 N6d7 16. f4 Nxe5 17. Bxe5 Qd7 18. Bxg7 Kxg7 19. a4 Rc7 20. Qc3+ Kg8 21. Ne5 Qe6 22. Bf3 Bxf3 23. Rxf3 f6 24. Nc6 Rd6 25. e4 Rcd7 26. Qc2 a6 27. Ra1 axb5 28. axb5 f5 29. e5 Rxc6 30. bxc6 Qxc6 31. Qc4+ Kg7 32. Rb1 Ne6 33. Qb5 Qxb5 34. Rxb5 Nd4 35. Rxb6 Nxf3+ 36. gxf3 Rxd3 37. Rb7 Kf7 38. Kg2 Rd4 39. Kg3 c4 40. Rc7 h6 41. h4 Ke6 42. Rc6+ Kf7 43. h5 gxh5 44. Rxh6 c3 45. Rc6 Rd3 46. Kh4 Rxf3 47. Kg5 Rd3 48. Kxf5 h4 49. Kg4 h3 50. f5 Kg7 51. e6 Kf6 52. Rc8 1-0


[Site "https://www.chess.com"]

[Event "Titled Tuesday Blitz November 01 Late 2022"]
[White "Goltsev, Dmitry"]
[Black "Baskakov, Egor"]
[WhiteFideId "24176710"]
[BlackFideId "24197866"]
[WhiteElo "2257"]
[BlackElo "2211"]
[Result "0-1"]
[Round "09"]
[TimeControl "180+1"]
[Date "2022.11.01"]
[WhiteClock "0:00:02"]
[BlackClock "0:00:06"]

1. e4 c5 2. Nf3 Nf6 3. e5 Nd5 4. Nc3 e6 5. Nxd5 exd5 6. d4 Nc6 7. c3 d6 8. exd6 Bxd6 9. Bb5 O-O 10. O-O Bg4 11. Bxc6 bxc6 12. Be3 c4 13. h3 Bh5 14. g4 Bg6 15. Ne5 Qc7 16. f4 Be4 17. Qd2 f6 18. Nf3 Rae8 19. Nh4 Bd3 20. Rfe1 Re4 21. Nf5 Rfe8 22. b4 Bf8 23. a4 g6 24. Ng3 R4e6 25. b5 Bd6 26. Qf2 R6e7 27. Qf3 Bxf4 28. Bxf4 Rxe1+ 29. Rxe1 Rxe1+ 30. Kf2 Qe7 31. bxc6 Rb1 32. Qxd5+ Kh8 33. Kf3 Rb2 34. Be3 Rb6 35. a5 Rb8 36. Ne4 Re8 37. Nd6 Qxe3+ 38. Kg2 Qe2+ 39. Kg3 Qe3+ 40. Kg2 Qd2+ 41. Kg3 Re3+ 42. Kh4 g5+ 43. Kh5 Rxh3# 0-1


[Site "https://www.chess.com"]

[Event "Titled Tuesday Blitz November 01 Late 2022"]
[White "Goncalves, Davi Sulzbacher"]
[Black "Ernst, Sipke"]
[WhiteFideId "2154510"]
[BlackFideId "1004689"]
[WhiteElo "2182"]
[BlackElo "2438"]
[Result "0-1"]
[Round "09"]
[TimeControl "180+1"]
[Date "2022.11.02"]
[WhiteClock "0:00:01"]
[BlackClock "0:00:14"]

1. d4 Nf6 2. c4 Nc6 3. d5 Ne5 4. Nc3 e6 5. e4 Bb4 6. f4 Nxe4 7. fxe5 Qh4+ 8. g3 Nxg3 9. Nf3 Qe4+ 10. Kf2 Nxh1+ 11. Kg2 Bxc3 12. bxc3 g5 13. Bd3 Qg4+ 14. Kxh1 b5 15. Be2 bxc4 16. Nxg5 Qf5 17. Bf3 Bb7 18. Be4 Qxe5 19. Qf3 exd5 20. Qxf7+ Kd8 21. Bf4 Qe7 22. Bxc7+ Kxc7 23. Qxe7 dxe4 24. Ne6+ Kc8 25. Nc5 Bc6 26. Rf1 e3+ 27. Ne4 Rb8 28. Rf8+ Rxf8 29. Qxf8+ Kb7 30. Qf4 Re8 31. Kg1 Rxe4 32. Qf1 e2 33. Qe1 Re6 34. Kf2 Rf6+ 35. Ke3 Re6+ 36. Kd4 Kc8 37. Kc5 h5 38. a4 a5 0-1


[Site "https://www.chess.com"]

[Event "Titled Tuesday Blitz November 01 Late 2022"]
[White "Grot, Blazej"]
[Black "Tomaszewski, Kacper"]
[WhiteFideId "21835845"]
[BlackFideId "1127373"]
[WhiteElo "1739"]
[BlackElo "2211"]
[Result "1-0"]
[Round "09"]
[TimeControl "180+1"]
[Date "2022.11.02"]
[WhiteClock "0:00:09"]
[BlackClock "0:00:05"]

1. e4 e5 2. Nf3 Nc6 3. Bc4 Be7 4. d4 exd4 5. Nxd4 d6 6. O-O Nf6 7. Nc3 O-O 8. Nf5 Bxf5 9. exf5 Ne5 10. Bb3 c5 11. Bf4 c4 12. Ba4 a6 13. Bxe5 dxe5 14. Qe2 b5 15. Nxb5 axb5 16. Bxb5 Rc8 17. Bxc4 Qd4 18. b3 Bc5 19. Rad1 Qf4 20. g3 Qxf5 21. a4 Ng4 22. h3 Nxf2 23. Rxf2 Qxh3 24. Qf3 e4 25. Qg2 Qg4 26. Rd5 Ba7 27. Re5 Rcd8 28. Rxe4 Rd1+ 29. Kh2 Qh5+ 30. Rh4 Qc5 31. Rxf7 Rxf7 32. Qa8+ Qf8 33. Bxf7+ Kxf7 34. Rf4+ Kg6 35. Qxf8 Rd2+ 36. Kh3 h5 37. Qf7+ Kh6 38. Qxa7 g5 39. Rf6# 1-0


[Site "https://www.chess.com"]